 Dungeon Crawl Stone Soup version 0.14-a0-1721-g84c87b2 (webtiles) character file.

67215 4tharraofdagon the Arsonist (level 14, -16/78 HPs)
             Began as a Deep Elf Fire Elementalist on Jan 2, 2014.
             Was a High Priest of Vehumet.
             Killed from afar by an orc sorcerer (29 damage)
             ... with a bolt of negative energy
             ... led by Saint Roka
             ... on Level 4 of the Orcish Mines.
             The game lasted 01:24:59 (8719 turns).

4tharraofdagon the Arsonist (DEFE)                  Turns: 8719, Time: 01:24:59

HP -16/78        AC 11     Str  9      XL: 14   Next: 76%
MP  24/46        EV 10     Int 26      God: Vehumet [*****.]
Gold 1416        SH 12     Dex 15      Spells:  9 memorised,  7 levels left

rFire  . . .     SeeInvis .     d - staff of energy
rCold  . . .     Clarity  +     w - +2 troll leather armour
rNeg   . . .     Conserve .     i - +0 buckler
rPois  .         rCorr    .     a - +0 wizard hat
rElec  .         rRot     .     I - +1 cloak
SustAb . .       Spirit   .     (no gloves)
rMut   .         Warding  .     o - +0 pair of boots
Gourm  +         Stasis   .     s - amulet of the gourmand
                                v - ring of magical power
                                c - +4 ring of strength

@: burdened, about to teleport, delayed fireball, drained, slow, somewhat
resistant to hostile enchantments, unstealthy
A: antennae 1, large bone plates 1, berserk 1, clarity, spit poison 1
a: Spit Poison, Renounce Religion, Release Delayed Fireball


You were on level 4 of the Orcish Mines.
You worshipped Vehumet.
Vehumet was extremely pleased with you.
You were encumbered.
You were very full.

You visited 3 branches of the dungeon, and saw 24 of its levels.
You also visited: Sewer and Ice Cave.

You collected 2184 gold pieces.
You spent 768 gold pieces at shops.

Inventory:

Hand weapons
 y - the +7,+4 scimitar of the Magi {drain, rPois MR+}
   (You found it on level 6 of the Dungeon)

   A truly terrible weapon, it drains the life of those it strikes.
   It protects you from poison.
   It affects your resistance to hostile enchantments.
Armour
 a - a +0 wizard hat (worn)
 i - a +0 buckler (worn)
 o - a +0 pair of boots (worn)
 w - a +2 troll leather armour (worn)
 I - a +1 cloak (worn)
Magical devices
 B - a wand of cold (8)
 J - a wand of teleportation (5)
Comestibles
 h - 4 royal jellies
 l - 9 bread rations
 z - 5 meat rations
Scrolls
 m - 3 scrolls of recharging
 n - 5 scrolls of teleportation
 D - 2 scrolls of noise
 E - 10 scrolls of remove curse
Jewellery
 c - a +4 ring of strength (left hand)
 f - an uncursed amulet of clarity
 k - a +2 ring of protection
 s - an amulet of the gourmand (around neck)
 t - an uncursed ring of wizardry
 v - a ring of magical power (right hand)
 F - an uncursed ring of teleportation
 G - an uncursed ring of protection from cold
 K - an uncursed ring of wizardry
Potions
 g - a potion of flight
 p - 4 potions of curing
 q - a potion of berserk rage
 r - a potion of cure mutation
 u - 2 potions of restore abilities
 x - 2 potions of speed
 C - 4 potions of agility
 L - 2 potions of magic
 M - 2 potions of brilliance
Books
 H - a book of the Sky

   Spells                             Type                      Level
   *Flight                            Charms/Air                   3
   Airstrike                          Air                          4
   Silence                            Hexes/Air                    5
   Deflect Missiles                   Charms/Air                   6
   Conjure Ball Lightning             Conjuration/Air              6
   Tornado                            Air                          9
 N - a book of Conjurations

   Spells                             Type                      Level
   Magic Dart                         Conjuration                  1
   Searing Ray                        Conjuration                  2
   Dazzling Spray                     Conjuration/Hexes            3
   Iskenderun's Mystic Blast          Conjuration                  4
   *Iskenderun's Battlesphere         Conjuration/Charms           4
   Fulminant Prism                    Conjuration/Hexes            5
Magical staves
 d - an uncursed staff of energy (weapon)


   Skills:
 - Level 5.4(4.7) Fighting
 - Level 2.4(1.8) Dodging
 - Level 2.4(1.8) Stealth
 * Level 3.2(2.6) Shields
 + Level 12.6(11.8) Spellcasting
 * Level 14.3(13.5) Conjurations
 - Level 3.1(2.5) Translocations
 * Level 14.9(14.0) Fire Magic
 + Level 12.5(11.7) Evocations


You had 7 spell levels left.
You knew the following spells:

 Your Spells              Type           Power        Failure   Level  Hunger
a - Apportation           Tloc           ####......   1%          1    None
b - Conjure Flame         Conj/Fire      ######..     1%          3    None
c - Sticky Flame          Conj/Fire      ######..     1%          4    None
d - Fireball              Conj/Fire      ######....   1%          5    None
e - Iskenderun's Battles  Conj/Chrm      ######..     1%          4    None
f - Blink                 Tloc           N/A          2%          2    None
g - Flight                Chrm/Air       ###.......   17%         3    None
h - Orb of Destruction    Conj           ######....   4%          7    None
i - Delayed Fireball      Conj/Fire      N/A          4%          7    None


Dungeon Overview and Level Annotations

Branches:
Dungeon (12/16)            Temple (0/1) D:7             Orc (4/4) D:11
    Elf (0/3) Orc:3          Lair (8/8) D:10         Shoals (0/5) Lair:5
 Spider (0/5) Lair:4
  Slime: Lair:6-8

Altars:
Nemelex Xobeh
Okawaru
Sif Muna
Trog
Vehumet
the Shining One
Beogh

Shops:
D:10 :   D:11 [   Orc:1 !*(*   Orc:3 =

Annotations:
D:3 4tharraofdagon's ghost, weakling NaFE
Orc:4 Saint Roka
Lair:7 wojtek's ghost, powerful TeGl


Innate Abilities, Weirdness & Mutations

You have a pair of small antennae on your head.
You are partially covered in large bone plates (AC +2, SH +2).
You tend to lose your temper in combat.
You possess an exceptional clarity of mind.
You can spit poison.


Message History

An orc and an orc wizard come into view.
Unknown command.
Read which item? (? for menu, Esc to quit)
As you read the scroll of teleportation, it crumbles to dust.
You feel strangely unstable.
The orc shouts!
The orc wizard shouts!
The orc wizard gestures wildly while chanting.
The orc wizard flickers and vanishes!
Deactivating autopickup; reactivate with Ctrl-A.
Saint Roka calls down the wrath of Beogh upon you.
Something smites you!
* * * LOW HITPOINT WARNING * * *
The orc warlord roars a battle-cry!
The orc wizard goes into a battle-frenzy!
The orc sorcerer points at you and mumbles some strange words.
The bolt of negative energy hits the orc.
The orc is drained!
The orc dies!
The bolt of negative energy hits you!
You feel drained.
You die...

###### #####
#.##.####...#.#### ##
.......#.......#.##.##
.....................##
................$...#.#.
.)%.......#......$......
.......#.##..............
[.%[..........o<@....$...
.[[%.......)...)..##....#
....<.......o..ooo... #
..........)....)...ooo.
.....oo§...)oo..o.......
......o§§..%.%.)ooo....
......o§§§.).§........
.......Oo§.#...o.....
....o..#...).....#


You could see Saint Roka, an orc warlord, an orc sorcerer (frenzied), 3 orc
warriors, 2 orc wizards and 7 orcs.

Vanquished Creatures
  A frost giant (IceCv)
  An orc warlord (Orc:2)
  Gastronok (Orc:3)
  3 hydras
  7 spriggans (Lair:8)
  Erica (Lair:4)
  The ghost of Bastard the Devastator, a powerful TeCj of Vehumet (IceCv)
  Urug (D:10)
  3 skeletal warriors (D:12)
  A hill giant (D:11)
  An ice statue (IceCv)
  4 griffons
  An orc sorcerer (Orc:4)
  A spiny worm (Lair:8)
  Maurice (D:9)
  A black mamba (Lair:6)
  2 spriggan druids (Lair:8)
  8 spiny frogs
  Psyche (Orc:1)
  A fire drake (Lair:7)
  4 trolls
  2 komodo dragons
  15 polar bears
  Sonja (Orc:4)
  8 giant fireflies (Lair:8)
  14 blink frogs
  A wandering mushroom (Lair:8)
  A slime creature (D:11)
  A boulder beetle (Lair:4)
  5 grizzly bears (Lair:8)
  A basilisk (Lair:3)
  Grum (D:10)
  21 yaks
  7 hippogriffs
  A hill giant skeleton (D:10)
  A deep elf fighter (D:10)
  31 wolves
  4 porcupines
  2 necrophages
  An ice beast (D:6)
  A yellow wasp (D:12)
  7 black bears
  14 orc warriors
  9 ogres
  9 crocodiles
  3 phantoms
  A boring beetle (Lair:6)
  3 centaurs
  2 wargs
  8 water moccasins
  9 giant frogs
  4 agate snails
  4 giant slugs
  A yak zombie (D:10)
  3 wights (D:7)
  11 killer bees
  An electric eel (Lair:8)
  A quasit (D:9)
  5 crimson imps
  10 jellies
  A two-headed ogre zombie (D:7)
  8 hounds
  A siren (Sewer)
  A big fish (D:3)
  14 orc priests
  6 iguanas
  2 scorpions
  A basilisk skeleton (D:10)
  A mermaid (Sewer)
  13 orc wizards
  7 worker ants
  12 sheep
  2 eyes of draining (D:10)
  19 adders
  A giant centipede (Lair:5)
  7 gnolls
  35 green rats
  2 worms
  A giant mite (D:9)
  3 grey rats (Sewer)
  9 giant geckos
  5 oozes (D:11)
  122 orcs
  5 ball pythons
  19 bats
  2 bat skeletons
  4 giant cockroaches
  9 hobgoblins
  4 kobolds
  11 quokkas
  10 giant newts
  A giant spore (D:12)
  12 goblins
  20 jackals
  An orc skeleton (D:6)
  43 rats
  A ballistomycete (D:12)
  2 bushes (Lair:6)
  A fungus (Lair:8)
  A plant (Lair:8)
688 creatures vanquished.

Vanquished Creatures (others)
  An orc (Orc:4)
  A kobold (D:3)
  A rat (D:10)
  3 fungi
  A plant (D:10)
7 creatures vanquished.

Grand Total: 695 creatures vanquished

Notes
Turn   | Place    | Note
--------------------------------------------------------------
     0 | D:1      | 4tharraofdagon, the Deep Elf Fire Elementalist, began the quest for the Orb.
     0 | D:1      | Reached XP level 1. HP: 10/10 MP: 5/5
   162 | D:2      | Reached XP level 2. HP: 13/15 MP: 1/8
   213 | D:3      | Noticed 4tharraofdagon's ghost (weakling NaFE)
   441 | D:3      | Reached XP level 3. HP: 19/19 MP: 5/11
   444 | D:3      | Reached skill level 4 in Fire Magic
   449 | D:3      | Learned a level 3 spell: Conjure Flame
   606 | D:3      | Found a glowing drain.
   616 | D:3      | Reached XP level 4. HP: 22/24 MP: 7/14
   626 | Sewer    | Entered a sewer
   879 | Sewer    | Reached XP level 5. HP: 15/28 MP: 12/18
   957 | Sewer    | Reached skill level 5 in Fire Magic
   963 | Sewer    | Learned a level 4 spell: Sticky Flame
  1087 | D:4      | Found a radiant altar of Vehumet.
  1087 | D:4      | Found a sparkling altar of Nemelex Xobeh.
  1090 | D:4      | Found a glowing golden altar of the Shining One.
  1098 | D:4      | Became a worshipper of Vehumet
  1132 | D:5      | Entered Level 5 of the Dungeon
  1147 | D:5      | Reached XP level 6. HP: 32/32 MP: 7/20
  1210 | D:6      | Noticed a necrophage
  1216 | D:6      | Killed a necrophage
  1216 | D:6      | Reached skill level 5 in Spellcasting
  1250 | D:6      | Learned a level 5 spell: Fireball
  1341 | D:6      | Reached skill level 6 in Fire Magic
  1347 | D:6      | Reached skill level 5 in Conjurations
  1347 | D:6      | Reached XP level 7. HP: 36/36 MP: 5/22
  1444 | D:6      | Got an encrusted scimitar
  1445 | D:6      | Identified the +7,+4 scimitar of the Magi {drain, rPois MR+} (You found it on level 6 of the Dungeon)
  1479 | D:6      | Acquired Vehumet's first power
  1479 | D:6      | Offered knowledge of Sting by Vehumet.
  1620 | D:5      | Reached skill level 7 in Fire Magic
  1957 | D:7      | Reached XP level 8. HP: 36/41 MP: 24/25
  2057 | D:7      | Found a staircase to the Ecumenical Temple.
  2242 | D:8      | Found an iron altar of Okawaru.
  2253 | D:8      | Offered knowledge of Sandblast by Vehumet.
  2279 | D:8      | Found a bloodstained altar of Trog.
  2347 | D:9      | Noticed a troll
  2361 | D:9      | Killed a troll
  2361 | D:9      | Reached skill level 8 in Fire Magic
  2633 | D:9      | Noticed Maurice
  2644 | D:9      | Killed Maurice
  2644 | D:9      | Reached skill level 9 in Fire Magic
  2644 | D:9      | Reached XP level 9. HP: 35/45 MP: 28/28
  2713 | D:10     | Entered Level 10 of the Dungeon
  2869 | D:10     | Offered knowledge of Stone Arrow by Vehumet.
  2900 | D:10     | Noticed Urug
  2966 | D:10     | Killed Urug
  2966 | D:10     | Reached skill level 10 in Fire Magic
  3074 | D:10     | Noticed Grum
  3080 | D:10     | Killed Grum
  3081 | D:10     | Reached skill level 10 in Conjurations
  3081 | D:10     | Reached XP level 10. HP: 36/50 MP: 16/30
  3081 | D:10     | Acquired Vehumet's second power
  3196 | D:10     | Learned a level 4 spell: Iskenderun's Battlesphere
  3265 | D:11     | Found Numelai's Antique Armour Emporium.
  3345 | D:11     | Found a staircase to the Orcish Mines.
  3351 | D:11     | Found a roughly hewn altar of Beogh.
  3442 | D:11     | Offered knowledge of Static Discharge by Vehumet.
  3499 | D:11     | Noticed a six-headed hydra
  3504 | D:11     | Killed a six-headed hydra
  3504 | D:11     | Reached skill level 11 in Fire Magic
  3663 | D:12     | Acquired Vehumet's third power
  3734 | D:12     | Noticed a skeletal warrior
  3743 | D:12     | Killed a skeletal warrior
  3743 | D:12     | Reached skill level 10 in Spellcasting
  3745 | D:12     | Noticed a skeletal warrior
  3748 | D:12     | Noticed a skeletal warrior
  3760 | D:12     | Killed a skeletal warrior
  3764 | D:12     | Killed a skeletal warrior
  3764 | D:12     | Reached skill level 12 in Fire Magic
  3764 | D:12     | Reached XP level 11. HP: 54/54 MP: 21/32
  3819 | D:11     | Noticed a hill giant
  3830 | D:11     | Killed a hill giant
  3970 | D:10     | Found Imuczuipp's Book Boutique.
  3996 | D:10     | Offered knowledge of Olgreb's Toxic Radiance by Vehumet.
  4262 | D:10     | Found a staircase to the Lair.
  4273 | Lair:1   | Entered Level 1 of the Lair of Beasts
  4404 | Lair:1   | Offered knowledge of Poisonous Cloud by Vehumet.
  4667 | Lair:3   | Reached skill level 13 in Fire Magic
  4678 | Lair:3   | Gained mutation: You tend to lose your temper in combat. [potion of mutation]
  4678 | Lair:3   | Gained mutation: You are partially covered in large bone plates (AC +2, SH +2). [potion of mutation]
  4678 | Lair:3   | Gained mutation: You have a pair of small antennae on your head. [potion of mutation]
  4868 | Lair:4   | Upgraded the game from 0.14-a0-1719-ga7e7698 to 0.14-a0-1721-g84c87b2
  4931 | Lair:5   | Found a staircase to the Shoals.
  4983 | Lair:4   | Found a hole to the Spider Nest.
  4984 | Lair:4   | Noticed Erica
  4988 | Lair:4   | Killed Erica
  4988 | Lair:4   | Reached skill level 5 in Evocations
  5184 | Lair:5   | Reached XP level 12. HP: 59/59 MP: 26/34
  5474 | Lair:7   | Learned a level 1 spell: Apportation
  5477 | Lair:7   | Learned a level 2 spell: Blink
  5527 | Lair:7   | Noticed a five-headed hydra
  5531 | Lair:7   | Killed a five-headed hydra
  5538 | Lair:7   | Offered knowledge of Bolt of Draining by Vehumet.
  5580 | Lair:7   | Found a frozen archway.
  5600 | IceCv    | Entered an ice cave
  5602 | IceCv    | Reached skill level 1 in Translocations
  5602 | IceCv    | Reached skill level 10 in Evocations
  5625 | IceCv    | Noticed Bastard's ghost (powerful TeCj)
  5632 | IceCv    | Killed Bastard's ghost
  5827 | IceCv    | Learned a level 3 spell: Flight
  5831 | IceCv    | Noticed a frost giant
  5865 | IceCv    | Killed a frost giant
  6060 | Lair:7   | Reached skill level 5 in Fighting
  6060 | Lair:7   | Reached XP level 13. HP: 63/73 MP: 35/35
  6063 | Lair:7   | Gained mutation: You can spit poison. [potion of beneficial mutation]
  6064 | Lair:7   | Gained mutation: You possess an exceptional clarity of mind. [potion of beneficial mutation]
  6094 | Lair:8   | Entered Level 8 of the Lair of Beasts
  6132 | Lair:8   | Reached XP level 14. HP: 60/78 MP: 26/36
  6430 | Lair:8   | Reached skill level 14 in Fire Magic
  6458 | Lair:8   | Offered knowledge of Ignite Poison by Vehumet.
  6873 | Lair:7   | Noticed wojtek's ghost (powerful TeGl)
  6966 | Lair:6   | Noticed a six-headed hydra
  6972 | Lair:6   | Killed a six-headed hydra
  6972 | Lair:6   | Reached skill level 1 in Shields
  6975 | Lair:6   | Found a deep blue altar of Sif Muna.
  7255 | Lair:3   | Offered knowledge of Orb of Destruction by Vehumet.
  7507 | Orc:1    | Entered Level 1 of the Orcish Mines
  7507 | Orc:1    | Found Nibladwi's Assorted Antiques.
  7507 | Orc:1    | Found Caqa's Distillery.
  7531 | Orc:1    | Bought an oily purple potion for 22 gold pieces
  7531 | Orc:1    | Bought a scroll of identify for 50 gold pieces
  7537 | Orc:1    | Bought a potion of degeneration for 22 gold pieces
  7537 | Orc:1    | Bought a potion of magic for 77 gold pieces
  7537 | Orc:1    | Bought a potion of magic for 77 gold pieces
  7537 | Orc:1    | Bought a potion of speed for 60 gold pieces
  7624 | Orc:1    | Found Rorietic's Weapon Boutique.
  7678 | Orc:1    | Learned a level 7 spell: Orb of Destruction
  7698 | Orc:1    | Found Zoviem's General Store.
  7698 | Orc:1    | Noticed Psyche
  7701 | Orc:1    | Killed Psyche
  7710 | Orc:1    | Bought a potion of brilliance for 40 gold pieces
  7906 | Orc:3    | Found Phewacut's Jewellery Emporium.
  7917 | Orc:3    | Bought an uncursed amulet of the gourmand for 420 gold pieces
  7942 | Orc:3    | Found a staircase to the Elven Halls.
  7989 | Orc:3    | Noticed Gastronok
  8016 | Orc:3    | Killed Gastronok
  8311 | Orc:2    | Noticed an orc warlord
  8433 | Orc:2    | Killed an orc warlord
  8517 | Orc:4    | Entered Level 4 of the Orcish Mines
  8630 | Orc:4    | Noticed an orc warlord
  8633 | Orc:4    | Noticed Saint Roka
  8633 | Orc:4    | Offered knowledge of Delayed Fireball by Vehumet.
  8663 | Orc:3    | Learned a level 7 spell: Delayed Fireball
  8710 | Orc:4    | Noticed Sonja
  8711 | Orc:4    | Killed Sonja
  8719 | Orc:4    | Killed from afar by an orc sorcerer

Action                   |  1- 3 |  4- 6 |  7- 9 | 10-12 | 13-15 || total
-------------------------+-------+-------+-------+-------+-------++-------
Melee: Unarmed           |     2 |       |       |       |       ||     2
       Short sword       |     2 |    15 |       |       |       ||    17
       Scimitar          |       |       |    64 |    92 |       ||   156
       Staff             |       |       |       |     3 |    24 ||    27
 Cast: Flame Tongue      |    44 |   105 |    86 |    71 |       ||   306
       Conjure Flame     |       |     2 |    29 |    36 |     2 ||    69
       Sticky Flame      |       |     3 |    20 |    68 |    40 ||   131
       Fireball          |       |       |    11 |   137 |   192 ||   340
       Apportation       |       |       |       |     5 |    51 ||    56
       Flight            |       |       |       |     2 |     1 ||     3
       Iskenderun's Batt |       |       |       |     1 |     2 ||     3
       Blink             |       |       |       |       |     4 ||     4
       Orb of Destructio |       |       |       |       |     4 ||     4
       Delayed Fireball  |       |       |       |       |     1 ||     1
Evoke: Wand              |       |       |     2 |     1 |     1 ||     4
       staff of energy   |       |       |       |   128 |   168 ||   296
  Use: Potion            |     2 |     2 |       |     4 |     4 ||    12
       Scroll            |       |       |     5 |    20 |    10 ||    35
 Stab: Invisible         |       |     1 |       |       |       ||     1
       Sleeping          |       |     1 |       |     2 |       ||     3
